 Dungeon Crawl Stone Soup version 0.23.2-40-g277498a001 (webtiles) character file.

Game seed: 7682902771183970060

224 Martska the Chopper (level 6, -3/53 HPs)
             Began as a Hill Orc Fighter on Oct 10, 2019.
             Was a Follower of Makhleb.
             Killed from afar by an orc wizard (6 damage)
             ... with a magic dart
             ... on level 4 of the Dungeon.
             The game lasted 00:05:24 (2537 turns).

Martska the Chopper (Hill Orc Fighter)              Turns: 2537, Time: 00:05:25

Health: -3/53      AC:  7    Str: 21    XL:     6   Next: 0%
Magic:  6/6        EV:  7    Int:  8    God:    Makhleb [*.....]
Gold:   130        SH:  9    Dex: 10    Spells: 5/5 levels left

rFire    . . .     SeeInvis .   a - +0 war axe
rCold    . . .     Gourm    .   c - +0 shield
rNeg     . . .     Faith    .   b - +0 scale mail
rPois    .         Spirit   .   (no helmet)
rElec    .         Reflect  .   (no cloak)
rCorr    .         Harm     .   (no gloves)
MR       .....                  (no boots)
Stlth    ..........             (no amulet)
HPRegen  0.17/turn              l - ring of wizardry
MPRegen  0.10/turn              (no ring)

@: no status effects
A: no striking features
a: Renounce Religion


You were on level 4 of the Dungeon.
You worshipped Makhleb.
Makhleb was aware of your devotion.
You were very hungry.

You visited 1 branch of the dungeon, and saw 4 of its levels.

You collected 130 gold pieces.

Inventory:

Hand Weapons
 a - a +0 war axe (weapon)
Armour
 b - a +0 scale mail (worn)
 c - a +0 shield (worn)
Jewellery
 l - a ring of wizardry (left hand)
Scrolls
 h - 4 scrolls of identify {unknown}
 i - a scroll of enchant weapon {unknown}
 k - 2 scrolls of magic mapping {unknown}
 m - a scroll of random uselessness {unknown}
 n - a scroll of teleportation {unknown}
 o - a scroll of immolation {unknown}
 q - 4 scrolls of fear {unknown}
 t - 2 scrolls of enchant armour {unknown}
 v - 2 scrolls of remove curse {unknown}
 y - a scroll of fog {unknown}
Potions
 d - 2 potions of might
 e - a potion of haste {unknown}
 g - 2 potions of agility {unknown}
 j - a potion of ambrosia {unknown}
 p - 2 potions of curing {unknown}
 r - a potion of heal wounds {unknown}
 s - a potion of flight {unknown}
 u - a potion of lignification {unknown}
 w - a potion of degeneration {unknown}
 x - a potion of magic {unknown}
Comestibles
 f - 7 rations


   Skills:
 * Level 4.4 Fighting
 * Level 6.1 Axes
 + Level 4.0 Armour
 + Level 0.5 Dodging
 + Level 0.2 Stealth
 + Level 3.7 Shields


You had 5 spell levels left.
You didn't know any spells.
Your spell library was empty.

Dungeon Overview and Level Annotations

Branches:
Dungeon (4/15)             Temple (0/1) D:4

Altars:
Makhleb
Ru


Message History

You kill the orc priest!
Makhleb accepts your kill.
Your Armour skill increases to level 4!
You slash the howler monkey!
You kill the howler monkey!
Makhleb accepts your kill.
Your Axes skill increases to level 6!
You have reached level 6!
Your experience leads to an increase in your attributes!
Increase (S)trength, (I)ntelligence, or (D)exterity?
You feel stronger.
Your shield and scale mail prevent you from hitting something.
You hear some strange, mumbled words.
A magic dart appears from out of thin air!
The magic dart hits you. The ogre hits you with a +0 giant club!
* * * LOW HITPOINT WARNING * * *
An orc comes into view. It is wielding a +0 flail.
The orc wizard points at you and mumbles some strange words.
The magic dart hits you.
You die...

..#....#...#...#.......
.......#.).#...#.......
.......#.......#.......
.......###._.###.......
......##..†....#....##.
#......#...#...#.##### .
#....>.#...#...#.....#+#'#
.......+#######'..........
................@.........
##........{O....#
................#
.........))#...##
...###...oo....... ...
#.......#.... .. ##....###
.>. ....... .. ......o.. .


You could see an ogre, an orc wizard and an orc.

Vanquished Creatures
  A howler monkey (D:4)
  An orc wizard (D:4)
  An orc priest (D:4)
  Robin (D:3)
  3 adders
  3 dart slugs
  2 orcs (D:4)
  3 giant cockroaches
  17 goblins
  11 hobgoblins
  6 jackals
  6 kobolds
  4 quokkas
  A ball python (D:4)
  6 bats
  6 frilled lizards
  6 rats
78 creatures vanquished.

Notes
Turn   | Place    | Note
-------+----------+-------------------------------------------
     0 | D:1      | Martska the Hill Orc Fighter began the quest for the Orb.
     0 | D:1      | Reached XP level 1. HP: 19/19 MP: 1/1
    80 | D:1      | Reached XP level 2. HP: 25/27 MP: 2/2
   287 | D:1      | Reached skill level 3 in Axes
   967 | D:2      | Reached XP level 3. HP: 33/33 MP: 3/3
  1043 | D:2      | Found a sacrificial altar of Ru.
  1217 | D:2      | Reached skill level 4 in Axes
  1338 | D:2      | Reached XP level 4. HP: 38/40 MP: 4/4
  1450 | D:2      | Found a burning altar of Makhleb.
  1453 | D:2      | Became a worshipper of Makhleb the Destroyer
  1845 | D:3      | Noticed Robin
  1879 | D:3      | Killed Robin
  1879 | D:3      | Reached skill level 5 in Axes
  2495 | D:4      | Found a sacrificial altar of Ru.
  2501 | D:4      | Reached XP level 5. HP: 44/46 MP: 5/5
  2506 | D:4      | Reached * piety under Makhleb
  2527 | D:4      | Found a staircase to the Ecumenical Temple.
  2528 | D:4      | Noticed an ogre
  2535 | D:4      | Reached skill level 6 in Axes
  2535 | D:4      | Reached XP level 6. HP: 22/53 MP: 6/6
  2537 | D:4      | Killed from afar by an orc wizard

Skill      XL: |  1  2  3  4  5 |
---------------+----------------+-----
Axes           | 3 4 5 6 |  6.1
Fighting       | 4 |  4.4
Armour         | 4 |  4.0
Dodging        | |  0.5
Stealth        | |  0.2
Shields        | |  3.7

Action                   |  1- 3 |  4- 6 || total
-------------------------+-------+-------++-------
Melee: War axe           |    97 |    88 ||   185
 Stab: Paralysed         |       |     1 ||     1
  Eat: Chunk             |     1 |       ||     1
       Ration            |       |     1 ||     1
Armor: Scale mail        |    59 |    38 ||    97
Dodge: Dodged            |    64 |    34 ||    98
Block: Shield            |    77 |    41 ||   118
